 Dungeon Crawl Stone Soup version 0.25-a0-294-gea9b1ad378 (webtiles) character file.

Game seed: 1072087139834547910, levelgen mode: deterministic

778 MoonlitKnight the Chopper (level 7, 0/62 HPs)
             Began as a Hill Orc Fighter on Dec 18, 2019.
             Was a Follower of Beogh.
             Slain by Prince Ribbit (4 damage)
             ... on level 5 of the Dungeon.
             The game lasted 00:06:34 (4280 turns).

MoonlitKnight the Chopper (Hill Orc Fighter)        Turns: 4280, Time: 00:06:35

Health: 0/62       AC: 12    Str: 21    XL:     7   Next: 85%
Magic:  7/7        EV:  5    Int:  8    God:    Beogh [*.....]
Gold:   145        SH: 10    Dex: 10    Spells: 6/6 levels left

rFire    . . .     SeeInvis .   a - +2 mace (holy)
rCold    . . .     Gourm    .   c - +0 shield
rNeg     . . .     Faith    .   j - +0 chain mail
rPois    .         Spirit   .   k - +0 helmet
rElec    .         Reflect  .   (no cloak)
rCorr    .         Harm     .   o - +0 pair of gloves
MR       .....                  (no boots)
Stlth    ..........             (no amulet)
HPRegen  0.20/turn              (no ring)
MPRegen  0.10/turn              (no ring)

@: no status effects
A: no striking features
a: Renounce Religion


You were on level 5 of the Dungeon.
You worshipped Beogh.
Beogh was aware of your devotion.
You were hungry.

You visited 1 branch of the dungeon, and saw 5 of its levels.

You collected 145 gold pieces.

Inventory:

Hand Weapons
 a - a +2 mace of holy wrath (weapon)
 b - a +0 hunting sling
 z - a +0 war axe
Missiles
 n - 17 poisoned darts (quivered)
Armour
 c - a +0 shield (worn)
 j - a +0 chain mail (worn)
 k - a +0 helmet (worn)
 o - a +0 pair of gloves (worn)
Scrolls
 g - a scroll of teleportation {unknown}
 m - 5 scrolls of identify {unknown}
 p - 2 scrolls of enchant weapon {unknown}
Potions
 d - a potion of might
 e - 2 potions of lignification {unknown}
 h - 2 potions of agility {unknown}
 i - 3 potions of curing {unknown}
 l - 2 potions of magic {unknown}
Comestibles
 f - 7 rations


   Skills:
 + Level 5.8 Fighting
 * Level 7.5 Axes
 + Level 5.2 Armour
 + Level 5.2 Shields


You had 6 spell levels left.
You didn't know any spells.
Your spell library was empty.

Dungeon Overview and Level Annotations

Branches:
Dungeon (5/15)
 Temple: D:4-7

Altars:
Wu Jian

Annotations:
D:2 1 runed translucent door, Crazy Yiuf
D:5 Prince Ribbit


Message History

Prince Ribbit barely misses you.
You hit Prince Ribbit.
Prince Ribbit is severely wounded.
Prince Ribbit hits you!
* * * LOW HITPOINT WARNING * * *
Prince Ribbit hits you!
* * * LOW HITPOINT WARNING * * *
Your shield and chain mail prevent you from hitting Prince Ribbit.
Prince Ribbit is severely wounded.
Prince Ribbit blinks!
Prince Ribbit blinks!
Prince Ribbit blinks!
You block Prince Ribbit's attack.
Your shield and chain mail prevent you from hitting Prince Ribbit.
Prince Ribbit is severely wounded.
Prince Ribbit barely misses you. You block Prince Ribbit's attack.
You hit Prince Ribbit.
Prince Ribbit is severely wounded.
Prince Ribbit hits you.
You die...

#.#.#.....###...
#.#.#.....# #...
#...#.....# #...
#.###.....# #...
#.# #.....# #.<.
#+# #.#
###.#####... #.#
#.# #.........
#.#####.#
#########.
#....@.#.# #.
#####F#.##
######. #.#.##
....... #.# #.#
....... .$# #..
#####.. #?# ###
##. #.# #.. .#
#.. #.>


You could see Prince Ribbit.

Vanquished Creatures
  Sigmund (D:3)
  A phantom (D:5)
  An orc priest (D:5)
  2 jellies
  2 orc wizards
  Jessica (D:3)
  A worker ant (D:5)
  Natasha (thrice) (D:2)
  Robin (D:2)
  4 gnolls (D:4)
  11 adders
  A shadow imp (D:5)
  2 worms (D:3)
  3 dart slugs
  A leopard gecko (D:3)
  11 orcs
  7 giant cockroaches
  15 goblins
  8 hobgoblins
  3 jackals (D:5)
  A quokka (D:5)
  6 bats
  6 frilled lizards
  A jackal skeleton (D:4)
  4 kobolds
  5 rats
102 creatures vanquished.

Vanquished Creatures (others)
  An orc priest (D:3)
  A giant cockroach (D:3)
  2 goblins
  A frilled lizard (D:3)
5 creatures vanquished.

Grand Total: 107 creatures vanquished

Notes
Turn   | Place    | Note
-------+----------+-------------------------------------------
     0 | D:1      | MoonlitKnight the Hill Orc Fighter began the quest for the
                  | Orb.
     0 | D:1      | Reached XP level 1. HP: 19/19 MP: 1/1
   112 | D:1      | Reached skill level 3 in Axes
   143 | D:1      | Reached XP level 2. HP: 24/27 MP: 2/2
   778 | D:2      | Reached XP level 3. HP: 8/33 MP: 3/3
  1101 | D:2      | Noticed Robin
  1129 | D:2      | Killed Robin
  1129 | D:2      | Reached skill level 4 in Axes
  1136 | D:2      | Reached XP level 4. HP: 18/40 MP: 4/4
  1571 | D:2      | Found a runed translucent door.
  1649 | D:2      | Noticed Crazy Yiuf
  1818 | D:2      | Noticed Natasha
  1823 | D:2      | Killed Natasha
  1968 | D:2      | Noticed Natasha
  1986 | D:2      | Killed Natasha
  1986 | D:2      | Reached XP level 5. HP: 32/47 MP: 5/5
  1990 | D:2      | Noticed Natasha
  1997 | D:2      | Killed Natasha
  2255 | D:3      | Reached skill level 5 in Axes
  2277 | D:3      | Became a worshipper of Beogh the Brigand
  2380 | D:3      | Noticed Sigmund
  2392 | D:3      | Killed Sigmund
  2392 | D:3      | Reached skill level 5 in Fighting
  2392 | D:3      | Reached skill level 6 in Axes
  2392 | D:3      | Reached XP level 6. HP: 48/56 MP: 6/6
  2503 | D:3      | Noticed Jessica
  2525 | D:3      | Killed Jessica
  2939 | D:3      | Reached XP level 7. HP: 52/61 MP: 7/7
  2940 | D:3      | Found a faded altar of an unknown god.
  3104 | D:4      | Reached * piety under Beogh
  3731 | D:4      | Found an ornate altar of the Wu Jian Council.
  3798 | D:5      | Entered Level 5 of the Dungeon
  3880 | D:5      | Reached skill level 5 in Armour
  3905 | D:5      | Reached skill level 7 in Axes
  3913 | D:5      | Reached skill level 5 in Shields
  4256 | D:5      | Noticed Prince Ribbit
  4269 | D:5      | HP: 2/62 [Prince Ribbit (9)]
  4280 | D:5      | Slain by Prince Ribbit

Levels and vault maps discovered:
D:1:      lightli_arrival_quake, layout_basic, minmay_pentomino_t4
D:2:      layout_loops_cross, first_ration, minmay_misc_feat_iff, uniq_robin,
          uniq_natasha, uniq_crazy_yiuf_cottage
D:3:      minmay_skewed_foursquare, layout_loops_ring,
          chequers_ecumenical_altar_simple_redux, uniq_sigmund, uniq_jessica
D:4:      layout_cave_pools, nicolae_overflow_hidden_temple
D:5:      layout_loops_cross, grunt_temple_overflow_opulence,
          uniq_prince_ribbit1, uniq_eustachio

Skill      XL: |  1  2  3  4  5  6  7 |
---------------+----------------------+-----
Axes           | 3 4 6 7 |  7.5
Fighting       | 4 5 |  5.8
Armour         | 4 5 |  5.2
Shields        | 4 5 |  5.2

Action                   |  1- 3 |  4- 6 |  7- 9 || total
-------------------------+-------+-------+-------++-------
Melee: War axe           |    87 |   161 |       ||   248
       Mace              |       |       |   158 ||   158
Invok: Convert to Beogh  |       |     1 |       ||     1
  Eat: Chunk             |     1 |     6 |     4 ||    11
Armor: Scale mail        |    15 |       |       ||    15
       Chain mail        |    47 |    78 |   109 ||   234
Dodge: Dodged            |    31 |    34 |    50 ||   115
Block: Shield            |    63 |    70 |   106 ||   239

Table legend:
 A = Non-vault XP
 B = Vault XP
 C = Vault XP percentage of total XP
 D = Non-vault monster count
 E = Vault monster count
 F = Vault count percentage of total count
                 A         B        C        D         E       F
            +---------+---------+-------+---------+---------+-------
      Total |     768 |     344 |  30.9 |      82 |      21 |  20.4
            +---------+---------+-------+---------+---------+-------
        D:1 |      19 |       4 |  17.4 |      12 |       3 |  20.0
        D:2 |     133 |      64 |  32.5 |      16 |      12 |  42.9
        D:3 |     128 |     276 |  68.3 |      24 |       6 |  20.0
        D:4 |     162 |       0 |   0.0 |      13 |       0 |   0.0
        D:5 |     326 |       0 |   0.0 |      17 |       0 |   0.0
            +---------+---------+-------+---------+---------+-------
